 Dungeon Crawl Stone Soup version 0.15.1-1-gfacfea3 (webtiles) character file.

5041 Johnny the Skirmisher (level 10, -2/80 HPs)
             Began as a Human Berserker on Sept 24, 2014.
             Was a High Priest of Trog.
             Slain by a komodo dragon (7 damage)
             ... on Level 1 of the Lair of Beasts.
             The game lasted 00:26:40 (10165 turns).

Johnny the Skirmisher (Human Berserker)            Turns: 10165, Time: 00:26:41

HP  -2/80        AC 13     Str 17      XL: 10   Next: 85%
MP  19/19        EV  7     Int  8      God: Trog [*****.]
Gold 108         SH  0     Dex 16      Spells:  0 memorised,  9 levels left

rFire  . . .     SeeInvis .     j - +0 bastard sword
rCold  . . .     Clarity  .     x - +0 chain mail
rNeg   . . .     rCorr    .     (no shield)
rPois  .         rRot     .     p - +0 helmet
rElec  .         Spirit   .     i - +0 cloak
SustAb .         Warding  .     (no gloves)
rMut   .         Stasis   .     (no boots)
Gourm  .                        (no amulet)
MR     .....                    (no ring)
                                (no ring)

@: not resistant to hostile enchantments, extremely unstealthy
A: no striking features
a: Burn Spellbooks, Berserk, Trog's Hand, Brothers in Arms, Renounce Religion


You were on level 1 of the Lair of Beasts.
You worshipped Trog.
Trog was extremely pleased with you.
You were very hungry.

You visited 2 branches of the dungeon, and saw 9 of its levels.

You collected 468 gold pieces.
You spent 360 gold pieces at shops.

Inventory:

Hand weapons
 a - a +0 falchion
 j - a +0 bastard sword (weapon)
 n - the +6 hand axe "Yfintufu" {freeze, Int-2 Curse}
   (You took it off an orc on level 8 of the Dungeon)

   It has been specially enchanted to freeze those struck by it, causing extra
   injury to most foes and up to double damage against particularly susceptible
   opponents.
   It can also slow down cold-blooded creatures.
   It affects your intelligence (-2).
   It may recurse itself when equipped.
Armour
 i - a +0 cloak (worn)
 p - a +0 helmet (worn)
 x - a +0 chain mail (worn)
Magical devices
 e - a wand of slowing (0)
 h - a wand of flame (9)
 k - a wand of slowing (15)
 r - a wand of confusion (10)
Comestibles
 c - 7 bread rations
 u - 2 meat rations
Scrolls
 b - 6 scrolls of remove curse
 f - 4 scrolls of teleportation
 l - 5 scrolls of magic mapping
 w - a scroll of enchant armour {unknown}
Potions
 d - 3 potions of restore abilities
 g - 2 potions of might
 m - a potion of mutation {unknown}
 o - 2 potions of agility {unknown}
 q - 5 potions of haste {unknown}
 s - 2 potions of cure mutation {unknown}
 t - a potion of curing {unknown}


   Skills:
 * Level 7.8 Fighting
 * Level 7.7 Long Blades
 * Level 7.2 Armour
 * Level 7.4 Dodging
 * Level 6.1 Evocations


You had 9 spell levels left.
You didn't know any spells.

Dungeon Overview and Level Annotations

Branches:
Dungeon (8/15)             Temple (0/1) D:5            Lair (1/8) D:8

Altars:
Ashenzari
Elyvilon
Qazlal
Trog
Yredelemnul
Zin

Shops:
D:4 *


Message History

The quokka bites you but does no damage. x2
Use which ability? (? or * to list) You're too hungry to go berserk.
You completely miss the quokka.
The quokka bites you but does no damage.
You slash the quokka!
You kill the quokka!
Trog accepts your kill.
You hit the komodo dragon.
The komodo dragon is lightly wounded.
The komodo dragon bites you.
You hit the komodo dragon.
The komodo dragon is lightly wounded.
The komodo dragon bites you!!
You slash the komodo dragon!
The komodo dragon is moderately wounded.
The komodo dragon bites you!!
* * * LOW HITPOINT WARNING * * *
The komodo dragon bites you!
You die...

##### #.P.######
.........# #
.....P##.##########.####
....PP...##.##...........
#..#.............#####...
#..#####.#............#
#.## #.#...#..@.##.## #.#
#..#....#l## ..#
#..##.#P..... .##
#...#.##....## #
......P......
)..........(..
..#.##....[.. #........
[..


You could see a komodo dragon.

Vanquished Creatures
  A komodo dragon (D:8)
  Prince Ribbit (D:4)
  A hippogriff (Lair:1)
  A water moccasin (D:8)
  A hungry ghost (D:8)
  5 ice beasts
  2 sky beasts
  2 orc warriors (D:6)
  6 ogres
  A black bear (D:6)
  2 phantoms
  The ghost of Johnny the Insei, an average DgTm (D:3)
  3 centaurs
  2 big kobolds
  Blork the orc (D:4)
  5 giant frogs
  A gnoll sergeant (D:8)
  A scorpion (D:6)
  3 wights (D:8)
  6 killer bees (D:8)
  A goliath beetle (D:8)
  3 crimson imps
  3 hounds
  A jelly (D:5)
  3 orc priests (D:7)
  4 orc wizards
  6 worker ants
  3 iguanas
  A killer bee zombie (D:6)
  Ijyb (D:4)
  2 ogre zombies (D:8)
  2 hound skeletons
  A mummy (D:8)
  11 gnolls
  5 green rats (Lair:1)
  A shadow imp (D:8)
  12 adders
  6 giant mites
  2 worms
  2 adder zombies
  An adder skeleton (D:6)
  3 oozes
  20 orcs
  2 ball pythons
  18 bats
  5 giant cockroaches
  14 goblins
  16 hobgoblins
  19 jackals
  4 quokkas
  8 giant geckos
  A giant gecko skeleton (D:7)
  8 giant newts
  A hobgoblin zombie (D:6)
  2 jackal zombies (D:7)
  18 kobolds
  2 kobold skeletons
  A kobold zombie (D:5)
  17 rats
  A ballistomycete (D:6)
277 creatures vanquished.

Vanquished Creatures (others)
  An orc wizard (D:4)
  A giant spore (D:6)
  4 plants (D:8)
6 creatures vanquished.

Grand Total: 283 creatures vanquished

Notes
Turn   | Place    | Note
--------------------------------------------------------------
     0 | D:1      | Johnny, the Human Berserker, began the quest for the Orb.
     0 | D:1      | Reached XP level 1. HP: 18/18 MP: 1/1
   164 | D:1      | Reached XP level 2. HP: 16/24 MP: 2/2
   632 | D:1      | Reached XP level 3. HP: 14/29 MP: 3/3
   639 | D:1      | Acquired Trog's second power
  1275 | D:2      | Reached XP level 4. HP: 30/35 MP: 4/4
  1719 | D:3      | Noticed Johnny's ghost (average DgTm)
  1738 | D:3      | Killed Johnny's ghost
  1738 | D:3      | Reached XP level 5. HP: 42/42 MP: 5/5
  2136 | D:3      | Reached skill level 4 in Fighting
  2208 | D:3      | Reached XP level 6. HP: 48/48 MP: 6/6
  2253 | D:3      | Noticed an ice beast
  2270 | D:3      | Killed an ice beast
  2438 | D:4      | Reached XP level 7. HP: 55/55 MP: 7/7
  2579 | D:4      | Noticed Ijyb
  2628 | D:4      | Killed Ijyb
  2731 | D:5      | Entered Level 5 of the Dungeon
  2817 | D:4      | Acquired Trog's third power
  2846 | D:4      | Found Plog's Assorted Antiques.
  2868 | D:4      | Found a glowing silver altar of Zin.
  2868 | D:4      | Found a basalt altar of Yredelemnul.
  2882 | D:4      | Found a shattered altar of Ashenzari.
  2882 | D:4      | Noticed Prince Ribbit
  2985 | D:4      | Killed Prince Ribbit
  3003 | D:4      | Noticed Blork the orc
  3024 | D:4      | Killed Blork the orc
  3024 | D:4      | Reached skill level 5 in Long Blades
  3024 | D:4      | Reached XP level 8. HP: 42/61 MP: 8/8
  3583 | D:4      | Reached skill level 5 in Fighting
  3583 | D:4      | Reached skill level 1 in Evocations
  3681 | D:4      | Reached skill level 5 in Armour
  3681 | D:4      | Reached skill level 5 in Dodging
  4245 | D:5      | Found a staircase to the Ecumenical Temple.
  4364 | D:5      | Reached XP level 9. HP: 54/69 MP: 11/13
  5006 | D:6      | Reached skill level 6 in Fighting
  5027 | D:6      | Received a gift from Trog
  5077 | D:6      | Found a stormy altar of Qazlal.
  6049 | D:6      | Found a white marble altar of Elyvilon.
  6504 | D:7      | Reached XP level 10. HP: 75/77 MP: 18/18
  7234 | D:7      | Reached skill level 5 in Evocations
  7395 | D:4      | Bought a bastard sword for 360 gold pieces
  7455 | D:7      | Reached skill level 7 in Fighting
  8552 | D:8      | Noticed a moth of wrath
  8554 | D:8      | Found a bloodstained altar of Trog.
  9374 | D:8      | Got an iridescent hand axe {freeze}
  9385 | D:8      | Identified the cursed +6 hand axe "Yfintufu" {freeze, Int-2 Curse} (You took it off an orc on level 8 of the Dungeon)
  9643 | D:8      | Found a staircase to the Lair.
  9984 | Lair:1   | Entered Level 1 of the Lair of Beasts
 10165 | Lair:1   | Slain by a komodo dragon

Action                   |  1- 3 |  4- 6 |  7- 9 | 10-12 || total
-------------------------+-------+-------+-------+-------++-------
Melee: Falchion          |   138 |   136 |   687 |   140 ||  1101
       Bastard sword     |       |       |       |   287 ||   287
Invok: Berserk           |     1 |     4 |    12 |     6 ||    23
       Trog's Hand       |       |       |     8 |     6 ||    14
Evoke: Wand              |       |       |     3 |     1 ||     4
  Use: Scroll            |       |       |     9 |     4 ||    13
       Potion            |       |       |     1 |     3 ||     4
 Stab: Sleeping          |     1 |       |       |       ||     1
  Eat: Chunk             |     2 |     5 |    21 |    14 ||    42
       Fruit             |       |     2 |     6 |       ||     8
       Beef jerky        |       |       |     1 |     1 ||     2
       Meat ration       |       |       |       |     1 ||     1
